 Dungeon Crawl Stone Soup version 0.20.1-1-g8b1a95d (webtiles) character file.

53 letownia2 the Grave Robber (level 3, -4/28 HPs)
             Began as a Deep Dwarf Necromancer on Nov 7, 2017.
             Slain by a bullfrog (6 damage)
             ... on level 4 of the Dungeon.
             The game lasted 00:02:08 (786 turns).

letownia2 the Grave Robber (Deep Dwarf Necromancer)  Turns: 786, Time: 00:02:09

Health: -4/28      AC:  2    Str: 11    XL:     3   Next: 64%
Magic:  0/6        EV: 12    Int: 16    God:
Gold:   55         SH:  0    Dex: 13    Spells: 2/6 levels left

rFire    . . .     SeeInvis .   (no weapon)
rCold    . . .     Gourm    .   (no shield)
rNeg     . . .     Faith    .   a - +0 robe
rPois    .         Spirit   .   (no helmet)
rElec    .         Reflect  .   (no cloak)
rCorr    .         Harm     .   (no gloves)
MR       .....                  (no boots)
Stlth    ++........             (no amulet)
Regen    0.0/turn               (no ring)
MPRegen  0.1/turn               (no ring)

@: non-regenerating
A: damage resistance, heal wounds, sense surroundings 1, no regeneration
a: Heal Wounds


You were on level 4 of the Dungeon.
You were not hungry.

You visited 1 branch of the dungeon, and saw 4 of its levels.

You collected 55 gold pieces.

Inventory:

Hand Weapons
 m - a +0 war axe
Armour
 a - a +0 robe (worn)
Scrolls
 e - a scroll of random uselessness {unknown}
Potions
 d - a potion of might {unknown}
 g - a potion of magic {unknown}
 i - a potion of invisibility {unknown}
 k - a potion of curing {unknown}
 l - a potion of berserk rage {unknown}
Books
 b - a book of Necromancy

   Spells                             Type                      Level
   a - Pain                           Necromancy                   1
   b - Animate Skeleton               Necromancy                   1
   c - Vampiric Draining              Necromancy                   3
   d - Regeneration                   Charms/Necromancy            3
   e - Animate Dead                   Necromancy                   4
   f - Control Undead                 Necromancy                   4
 n - a book of Cantrips

   Spells                             Type                      Level
   a - Confusing Touch                Hexes                        1
   b - Animate Skeleton               Necromancy                   1
   c - Summon Small Mammal            Summoning                    1
   d - Apportation                    Translocation                1
Comestibles
 c - 2 bread rations
 f - a royal jelly
 h - 2 chunks of flesh
 j - 4 fruits


   Skills:
 - Level 2.1 Dodging
 - Level 2.4 Stealth
 - Level 2.0 Spellcasting
 + Level 5.7 Necromancy


You had 2 spell levels left.
You knew the following spells:

 Your Spells              Type           Power        Failure   Level  Hunger
a - Pain                  Necr           ###.         1%          1    #......
v - Vampiric Draining     Necr           ###.......   6%          3    ###....


Dungeon Overview and Level Annotations

Branches:
Dungeon (4/15)
 Temple: D:4-7

Altars:


Innate Abilities, Weirdness & Mutations

You are resistant to damage.
You can heal yourself by infusing magical energy.
You passively map a small area around you.
You do not regenerate.


Message History

Aiming: Pain
Press: ? - help, Shift-Dir - straight line, f/p - bullfrog
Aim: a bullfrog (moderately wounded, chance to defeat MR: 80%)
The bullfrog writhes in agony!
The bullfrog misses you. The bullfrog hits you!
* * * LOW HITPOINT WARNING * * *
The bullfrog closely misses you. The bullfrog hits you. The bullfrog hits you.
* * * LOW HITPOINT WARNING * * *
The bullfrog closely misses you.
Press: ? - help, v - describe, . - travel The floor.
Casting: Pain
Confirm with . or Enter, or press ? or * to list all spells.
Aiming: Pain
Press: ? - help, Shift-Dir - straight line, f/p - bullfrog
Aim: a bullfrog (heavily wounded, chance to defeat MR: 80%)
The bullfrog barely resists.
The bullfrog hits you!
You die...

, , , ,, ,,.. , .....
#.# #....#.##.. * ,
.##.... .#..# **
.......,...##### #., ,
* * *#....#
,......####.. *
#....###....#...#... ,
#...#.@.#... ..... .
###....F####.##....#..
*
#....#.#####.##.##....
#.#......#.........#*#,
* *
##.#...#.......###.. ,
*#.#...........#...# *
* #<..............# ,
#.###.%.##...#### ,
...# #>..##.#.#### #


You could see a bullfrog.

Vanquished Creatures
  Jessica (D:2)
  An adder (D:2)
  An ooze (D:4)
  A dart slug (D:1)
  A leopard gecko (D:4)
  2 giant cockroaches
  2 hobgoblins (D:1)
  A quokka (D:4)
  A frilled lizard (D:4)
  2 rats (D:3)
13 creatures vanquished.

Notes
Turn   | Place    | Note
-------+----------+-------------------------------------------
     0 | D:1      | letownia2 the Deep Dwarf Necromancer began the quest for the Orb.
     0 | D:1      | Reached XP level 1. HP: 15/15 MP: 3/3
   174 | D:2      | Noticed Jessica
   208 | D:2      | Killed Jessica
   208 | D:2      | Reached skill level 5 in Necromancy
   208 | D:2      | Reached XP level 2. HP: 5/22 MP: 0/5
   208 | D:2      | Reached XP level 3. HP: 7/28 MP: 0/6
   213 | D:2      | Learned a level 3 spell: Vampiric Draining
   765 | D:4      | Noticed a bullfrog
   786 | D:4      | Slain by a bullfrog

Skill      XL: |  1 |
---------------+----+-----
Spellcasting   | 2 |  2.0
Necromancy     | 5 |  5.7
Dodging        | |  2.1
Stealth        | |  2.4

Action                   || total
-------------------------++-------
Melee: Unarmed           ||     4
 Cast: Pain              ||    31
       Vampiric Draining ||     6
  Eat: Chunk             ||     1
Armor: Robe              ||     1
Dodge: Dodged            ||    19
